 Dungeon Crawl Stone Soup version 0.29-a0-925-g0a7a3d12f8 (webtiles) character file.

Game seed: 13653449650145937436

96079 wingedge the Protected (level 16, -4/124 HPs)
             Began as a Human Wanderer on July 28, 2022.
             Was an Initiate of Gozag.
             Hit by a large rock thrown by a stone giant (40 damage)
             ... on level 15 of the Dungeon on July 29, 2022.
             The game lasted 03:09:31 (34257 turns).

wingedge the Protected (Human Wanderer)            Turns: 34257, Time: 03:09:32

Health: -4/124     AC: 25    Str: 14    XL:     16   Next: 65%
Magic:  11/28      EV: 33    Int: 15    God:    Gozag
Gold:   1320       SH: 10    Dex: 20    Spells: 14/32 levels left

rFire   + . .      SeeInvis .   a - +4 double sword (freeze)
rCold   . . .      Faith    .   o - +3 buckler
rNeg    + . .      Spirit   .   d - +6 scale mail {rF+}
rPois   .          Reflect  .   H - +2 helmet {Int+3}
rElec   .          Harm     .   n - +1 cloak of Starlight {*Dazzle EV+4 Stlth--}
rCorr   .          Rampage  .   s - +1 pair of gloves
Will    ++...                   M - +0 pair of boots
Stlth   ..........              x - amulet of the acrobat
HPRegen 0.30/turn               N - ring of positive energy
MPRegen 0.21/turn               j - ring of willpower

@: acrobatic, studying Armour
A: no striking features
a: Renounce Religion, Potion Petition, Call Merchant, Bribe Branch


You were on level 15 of the Dungeon.
You worshipped Gozag.
Gozag was most pleased with you.
You visited 4 branches of the dungeon, and saw 23 of its levels.

You collected 8559 gold pieces.
You spent 4220 gold pieces at shops.
You paid 3019 gold pieces to Gozag.

Inventory:

Hand Weapons
 a - a +4 double sword of freezing (weapon)
 b - a +3 spectral rapier
 f - a +3 scimitar of flaming
 h - a +0 long sword of holy wrath
Missiles
 q - 5 silver javelins
 D - 4 curare-tipped darts
 P - 3 throwing nets
 Z - 7 boomerangs of dispersal
Armour
 d - a +6 scale mail of fire resistance (worn)
 n - the +1 cloak of Starlight (worn) {*Dazzle EV+4 Stlth--}
   (You bought it in a shop on level 2 of the Orcish Mines)

   It may blind those who miss an attack against the wearer in melee combat.
   EV:        It affects your evasion (+4).
   Stlth:     It makes you much less stealthy.
 o - a +3 buckler (worn)
 s - a +1 pair of gloves (worn)
 H - a +2 helmet of intelligence (worn)
 M - a +0 pair of boots (worn)
Jewellery
 j - a ring of willpower (right hand)
 k - a +6 ring of dexterity
 x - an amulet of the acrobat (around neck)
 y - a ring of poison resistance
 C - a ring of see invisible
 I - a ring of protection from cold
 L - a ring of flight
 N - a ring of positive energy (left hand)
 T - a ring of resist corrosion
Wands
 e - a wand of mindburst (24)
 i - a wand of digging (4)
 r - a wand of charming (11)
 K - a wand of quicksilver (15)
 Y - a wand of roots (11)
Scrolls
 c - 6 scrolls of teleportation
 v - 2 scrolls of vulnerability
 w - 6 scrolls of poison
 A - 3 scrolls of fog
 E - 4 scrolls of immolation
 F - a scroll of enchant armour
 G - a scroll of fear
 J - 5 scrolls of blinking
 O - a scroll of brand weapon
 R - 2 scrolls of magic mapping
 W - a scroll of silence
 X - 4 scrolls of amnesia
Potions
 g - 2 potions of cancellation
 l - 4 potions of mutation
 m - 2 potions of curing
 p - 3 potions of attraction
 t - 2 potions of resistance
 z - 5 potions of brilliance
 B - 4 potions of magic
 S - 2 potions of might
 V - a potion of flight
Miscellaneous
 u - a lightning rod (4/4)
 Q - a phial of floods (inert)


   Skills:
 + Level 10.6 Fighting
 - Level 10.7(11.8) Short Blades
 * Level 8.0(10.5) Long Blades
 - Level 6.3 Ranged Weapons
 + Level 1.7 Throwing
 + Level 11.4 Armour
 + Level 8.9 Dodging
 + Level 1.2 Stealth
 + Level 8.9 Shields
 * Level 8.6 Spellcasting
 + Level 5.7 Conjurations
 - Level 3.1 Hexes
 - Level 2.0 Summonings
 * Level 10.6 Translocations
 - Level 4.0 Transmutations
 - Level 4.0 Poison Magic
 + Level 5.3 Evocations


You had 14 spell levels left.
You knew the following spells:

 Your Spells              Type           Power      Damage    Failure   Level
a - Blink                 Tloc           76%        N/A       1%          2
b - Lesser Beckoning      Tloc           38%        N/A       1%          3
c - Manifold Assault      Tloc           38%        N/A       16%         5
d - Iskenderun's Mystic   Conj/Tloc      30%        2d8       16%         4
e - Portal Projectile     Hex/Tloc       54%        N/A       8%          3
z - Sting                 Tmut/Pois      72%        1d6       9%          1

Your spell library contained the following spells:

 Spells                   Type           Power      Damage    Failure   Level
 Summon Small Mammal      Summ           48%        N/A       19%         1
 Dazzling Flash           Conj/Hex       38%        N/A       22%         3
 Mephitic Cloud           Conj/Pois/Air  16%        N/A       34%         3
 Tukima's Dance           Hex            15%        N/A       34%         3
 Ignite Poison            Fire/Tmut/Pois 14%        N/A       41%         3
 Summon Guardian Golem    Hex/Summ       14%        N/A       41%         3
 Call Canine Familiar     Summ           12%        N/A       50%         3
 Summon Forest            Summ/Tloc      12%        N/A       65%         5
 Ozocubu's Armour         Ice            6%         N/A       78%         3
 Anguish                  Hex/Necr       5%         N/A       92%         4
 Blade Hands              Tmut           9%         N/A       93%         5
 Freezing Cloud           Conj/Ice/Air   6%         6-21      99%         5
 Metabolic Englaciation   Hex/Ice        5%         N/A       99%         5
 Silence                  Hex/Air        5%         N/A       99%         5
 Agony                    Necr           6%         N/A       100%        5
 Eringya's Noxious Bog    Tmut/Pois      9%         N/A       100%        6
 Starburst                Conj/Fire      7%         6d4       100%        6
 Enfeeble                 Hex            7%         N/A       100%        7
 Summon Hydra             Summ           6%         N/A       100%        7
 Polar Vortex             Ice            3%         N/A       100%        9
 Simulacrum               Ice/Necr       Unusable   N/A       N/A         6

Dungeon Overview and Level Annotations

Branches:
Dungeon (15/15)            Temple (1/1) D:7            Lair (5/5) D:10
  Swamp (0/4) Lair:2       Spider (0/4) Lair:2        Slime (0/5) Lair:4
    Orc (2/2) D:12            Elf (0/3) Orc:2        Vaults (0/5) D:14
 Depths: D:15

Altars:
Ashenzari
Cheibriados
Dithmenos
Elyvilon
Fedhas
Gozag
Hepliaklqana
Kikubaaqudgha
Makhleb
Nemelex Xobeh
Okawaru
Qazlal
Ru
Sif Muna
Trog
Uskayaw
Vehumet
Wu Jian
Xom
Yredelemnul
Zin
The Shining One
Jiyva
Lugonu

Shops:
D:2 ?!!   D:12 =   Orc:2 [(([*   Lair:1 ?   Lair:4 =

Portals:
Hell: Lair:5

Annotations:
D:11 3 runed translucent doors, 1 transporter, Newt's ghost, novice MeGl


Message History

The tengu conjurer completely misses you. x2
You are no longer locked in place.
You block the stone giant's attack.
The necromancer gestures wildly while chanting.
The necromancer binds the souls of nearby monsters.
The tengu conjurer hits you but does no damage.
You block the tengu conjurer's attack.
The tengu conjurer completely misses you.
The deep elf pyromancer mumbles some strange words.
The deep elf pyromancer blinks!
The necromancer casts a spell.
The necromancer binds the souls of nearby monsters.
The tengu conjurer casts a spell.
The tengu conjurer blinks!
The stone giant attacks as you move away!
The stone giant hits you!!
Things that are here:
a +0 halberd; a +0 leather armour The stone giant's soul is no longer bound.
The stone giant attacks as you move away!
The stone giant misses you.
The battlesphere is engulfed in blazing flames.
The stone giant attacks as you move away!
The stone giant hits you!
The stone giant throws a large rock.
The large rock completely misses you.
Your magical contamination has completely faded away.
The stone giant throws a large rock.
The large rock misses you.
The necromancer mumbles some strange words.
The necromancer binds the souls of nearby monsters.
The necromancer casts a spell.
The necromancer binds the souls of nearby monsters.
The stone giant throws a large rock.
You block the large rock.
The stone giant throws a large rock.
The large rock hits you!!!
* * * LOW HITPOINT WARNING * * *
You hear a shout!
You hear a bellow!
You hear a shout! x3
You hear an angry buzzing noise.
You hear a shout!
A tengu warrior comes into view. It is wielding a +3 great sword.
The stone giant throws a large rock.
The large rock hits you!!!
You die...
Your body crumbles into a pile of gold.

##.#.###.####### #..
####............... ..$
.........##.#####.# ..*
##...<.....# ####.#
####......#.# ....○
............# #Q○Q
#######.##### #E°. #.#
#.## ##@## #T# ##...##
#Q# ##.....### ### #p#
#........## ##.###.#
#....Q####Q.###...##.##
#..### ##..C......T..
#.# #..##...##.## #.
#.####.###.# . $ #.#
### #.#


You could see a stone giant (soul bound) and 2 tengu warriors.

Vanquished Creatures
  Frances (D:13)
  An orc warlord (Orc:2)
  A dire elephant (Lair:5)
  A vault guard (D:14)
  12 hydras
  An ice dragon (D:14)
  3 boulder beetles
  5 centaur warriors
  8 two-headed ogres
  15 death yaks
  2 orc high priests (Orc:2)
  2 tengu warriors
  Urug (D:10)
  Sonja (Orc:1)
  Nergalle (D:10)
  A sun demon (Lair:5)
  A deep elf knight (D:11)
  5 skeletal warriors (D:13)
  Amaemon (Lair:3)
  A deep elf pyromancer (D:15)
  A wizard (Lair:5)
  3 orc knights
  3 orc sorcerers
  An oklob plant (D:10)
  A mana viper (shapeshifter) (D:11)
  2 ugly things
  A wolf spider (D:9)
  2 manticores
  4 cyclopes
  10 elephants
  6 black mambas
  Maurice (Orc:2)
  3 orange demons
  2 unseen horrors
  13 cane toads
  A torpor snail (Lair:5)
  A gargoyle (D:13)
  4 rime drakes
  2 kobold demonologists (D:12)
  A hellwing (Lair:5)
  An efreet (D:11)
  9 komodo dragons
  3 tengu conjurers
  A freezing wraith (D:13)
  4 ice devils (Lair:5)
  A meliai (D:14)
  3 trolls
  A tyrant leech (Lair:2)
  4 polar bears
  A hornet (Lair:1)
  15 blink frogs
  Prince Ribbit (Lair:3)
  4 small abominations (D:7)
  13 dream sheep
  15 slime creatures
  Sigmund (D:5)
  A jumping spider (Lair:2)
  3 shadows
  A vampire (D:10)
  50 yaks
  A wraith (D:12)
  4 basilisks
  6 redbacks (D:14)
  5 wyverns
  Grum (D:8)
  4 vampire mosquitoes (D:13)
  3 steam dragons
  3 wargs
  A swamp worm (Lair:2)
  2 acid dragons
  12 water moccasins
  3 hell hounds (Lair:5)
  2 black bears
  2 ice beasts
  24 orc warriors
  2 sky beasts
  6 wolves
  11 ogres
  4 centaurs
  2 phantoms
  2 kobold brigands (D:8)
  A scorpion (D:6)
  15 bullfrogs
  2 gnoll sergeants
  2 necrophages
  26 wights
  3 killer bees (D:7)
  3 howler monkeys
  16 orc priests
  A gnoll bouda (D:9)
  2 jellies
  3 iguanas
  15 orc wizards
  A hound zombie (D:4)
  11 gnolls
  4 adders
  4 shadow imps
  2 white imps
  An ufetubus (D:4)
  3 worms
  2 dart slugs (D:1)
  69 orcs
  8 ball pythons
  3 endoplasms (D:2)
  A giant cockroach (D:1)
  3 hobgoblins
  24 kobolds
  5 quokkas
  10 bats
  5 frilled lizards
  4 goblins
  A jackal zombie (D:4)
  6 rats
  A bush (Lair:5)
615 creatures vanquished.

Vanquished Creatures (collateral kills)
  An ugly thing (D:7)
  A small abomination (D:7)
  A killer bee (D:7)
  An orc (D:4)
4 creatures vanquished.

Vanquished Creatures (others)
  A blink frog (Lair:4)
  A killer bee (D:7)
  2 orcs
  43 fungi
  44 plants
91 creatures vanquished.

Grand Total: 710 creatures vanquished

Notes
Turn   | Place    | Note
-------+----------+-------------------------------------------
     0 | D:1      | wingedge the Human Wanderer began the quest for the Orb.
     0 | D:1      | wingedge set off with the following items: a +0 dagger, a
                  | +0 buckler, a scroll of teleportation, a +0 robe, a wand of
                  | mindburst (12); and the following spell memorised: Sting;
                  | and the following spells available to memorise: Ignite
                  | Poison.
     0 | D:1      | Reached XP level 1. HP: 15/15 MP: 3/3
   444 | D:1      | Reached skill level 1 in Short Blades
   444 | D:1      | Reached XP level 2. HP: 21/21 MP: 5/5
   747 | D:1      | Reached XP level 3. HP: 22/26 MP: 4/6
  1325 | D:2      | Reached skill level 1 in Armour
  1555 | D:2      | Found Mucelaq's Distillery.
  1572 | D:2      | Reached XP level 4. HP: 15/33 MP: 3/7
  1731 | D:2      | Found Tyaguh's Distillery.
  1732 | D:2      | Bought a potion of heal wounds for 50 gold pieces
  1756 | D:2      | Bought a potion of curing for 30 gold pieces
  2029 | D:2      | Found an opulent altar of Gozag.
  2263 | D:2      | Found Hofajeq's Magic Scroll Boutique.
  2810 | D:2      | Became a worshipper of Gozag Ym Sagoz the Greedy
  3112 | D:3      | Found a faded altar of an unknown god.
  3192 | D:3      | Reached skill level 1 in Dodging
  3378 | D:3      | Found a glowing golden altar of the Shining One.
  3379 | D:3      | Found a shimmering blue altar of Sif Muna.
  3381 | D:3      | Found a burning altar of Makhleb.
  3384 | D:3      | Found a sparkling altar of Nemelex Xobeh.
  3385 | D:3      | Found an ancient bone altar of Kikubaaqudgha.
  3385 | D:3      | Found a shimmering altar of Xom.
  3385 | D:3      | Found an iron altar of Okawaru.
  3388 | D:3      | Found a white marble altar of Elyvilon.
  3390 | D:3      | Found a sacrificial altar of Ru.
  3433 | D:4      | Reached XP level 5. HP: 38/38 MP: 8/8
  3504 | D:2      | Bought a scroll of brand weapon for 95 gold pieces
  3640 | D:4      | Found a basalt altar of Yredelemnul.
  3706 | D:4      | Noticed a phantom
  3713 | D:4      | Killed a phantom
  3714 | D:4      | Reached XP level 6. HP: 46/46 MP: 9/9
  3879 | D:4      | Reached skill level 5 in Fighting
  3879 | D:4      | Reached skill level 5 in Armour
  3879 | D:4      | Reached skill level 5 in Dodging
  3879 | D:4      | Reached skill level 5 in Shields
  3879 | D:4      | Reached XP level 7. HP: 57/57 MP: 8/10
  3883 | D:4      | Learned a level 2 spell: Blink
  3912 | D:4      | Reached skill level 1 in Translocations
  4255 | D:5      | Entered Level 5 of the Dungeon
  4255 | D:5      | Noticed a water moccasin
  4259 | D:5      | Killed a water moccasin
  4290 | D:5      | Noticed Sigmund
  4296 | D:5      | Killed Sigmund
  4297 | D:5      | Reached XP level 8. HP: 57/64 MP: 11/11
  5636 | D:5      | Reached XP level 9. HP: 67/68 MP: 13/13
  5823 | D:6      | Found a stormy altar of Qazlal.
  6516 | D:7      | Noticed a red ugly thing
  6516 | D:7      | Noticed a white ugly thing
  6619 | D:7      | Found a transporter.
  6640 | D:7      | Found a transporter.
  6780 | D:2      | Bought a scroll of acquirement for 520 gold pieces
  6781 | D:2      | Acquired a manual of Armour
  6786 | D:2      | Bought a scroll of blinking for 75 gold pieces
  6786 | D:2      | Bought a scroll of identify for 20 gold pieces
  6895 | D:7      | Reached XP level 10. HP: 38/77 MP: 13/15
  7387 | D:7      | Found a staircase to the Ecumenical Temple.
  7438 | Temple   | Entered the Ecumenical Temple
  8183 | D:7      | Found a corrupted altar of Lugonu.
  8202 | D:7      | Killed an unseen horror
  8203 | D:7      | Reached skill level 6 in Armour
  8209 | D:7      | Killed a red ugly thing
  8219 | D:7      | Killed a green ugly thing
  8500 | D:2      | Bought a potion of haste for 100 gold pieces
  8500 | D:2      | Bought a potion of berserk rage for 50 gold pieces
  8748 | D:8      | Reached skill level 5 in Translocations
  8786 | D:8      | Found a hide-covered altar of Uskayaw.
  8787 | D:8      | Noticed a two-headed ogre
  8797 | D:8      | Killed a two-headed ogre
  8798 | D:8      | Reached XP level 11. HP: 54/84 MP: 15/17
  8808 | D:8      | Learned a level 3 spell: Lesser Beckoning
  9173 | D:8      | Noticed Grum
  9191 | D:8      | Killed Grum
  9236 | D:8      | Noticed an eight-headed hydra
  9243 | D:8      | Killed an eight-headed hydra
  9244 | D:8      | Reached skill level 10 in Short Blades
  9840 | D:8      | Reached skill level 7 in Armour
  9864 | D:8      | Noticed a two-headed ogre
  9872 | D:8      | Killed a two-headed ogre
 10139 | D:9      | Noticed a two-headed ogre
 10142 | D:9      | Noticed a two-headed ogre
 10145 | D:9      | Killed a two-headed ogre
 10151 | D:9      | Killed a two-headed ogre
 10466 | D:9      | Noticed a two-headed ogre
 10479 | D:9      | Killed a two-headed ogre
 10826 | D:9      | Reached XP level 12. HP: 94/94 MP: 18/18
 10831 | D:9      | Reached skill level 1 in Ranged Weapons
 10870 | D:9      | Found a runed translucent door.
 11029 | D:2      | Bought a potion of haste for 100 gold pieces
 11029 | D:2      | Bought a potion of ambrosia for 80 gold pieces
 11029 | D:2      | Bought a potion of magic for 80 gold pieces
 11029 | D:2      | Bought a potion of flight for 30 gold pieces
 11032 | D:2      | Bought a potion of cancellation for 80 gold pieces
 11075 | D:2      | Bought a scroll of silence for 95 gold pieces
 11075 | D:2      | Bought 3 scrolls of blinking for 225 gold pieces
 11630 | D:10     | Entered Level 10 of the Dungeon
 11643 | D:10     | Noticed Nergalle
 11678 | D:10     | Found a staircase to the Lair.
 11716 | D:10     | Killed Nergalle
 12409 | D:10     | Reached skill level 1 in Conjurations
 12413 | D:10     | Reached skill level 8 in Armour
 12600 | D:10     | Noticed Urug
 12615 | D:10     | Killed Urug
 12894 | D:10     | Learned a level 3 spell: Portal Projectile
 12899 | D:10     | Learned a level 4 spell: Iskenderun's Mystic Blast
 12905 | D:10     | Learned a level 5 spell: Manifold Assault
 12975 | D:10     | Found a hazy altar of Hepliaklqana.
 13475 | D:10     | Reached skill level 5 in Spellcasting
 13482 | D:10     | Reached skill level 1 in Long Blades
 13485 | D:10     | Found the +5 robe of Night {Dark Will+ SInv}
 13727 | D:11     | Found a runed translucent gate.
 13728 | D:11     | Found a runed translucent gate.
 13728 | D:11     | Found an opulent altar of Gozag.
 13729 | D:11     | Found a runed translucent gate.
 13730 | D:11     | Noticed Newt's ghost (novice MeGl)
 13730 | D:11     | Noticed a centaur warrior
 13731 | D:11     | Noticed a death knight
 13731 | D:11     | Noticed a yaktaur captain
 13734 | D:11     | Noticed a two-headed ogre
 13744 | D:11     | Killed a two-headed ogre
 13989 | D:11     | Noticed a two-headed ogre
 14005 | D:11     | Killed a two-headed ogre
 14307 | D:11     | Found a transporter.
 14311 | D:11     | Found a transporter.
 14311 | D:11     | Found a transporter.
 14313 | D:11     | Found a transporter.
 14611 | D:11     | Reached skill level 1 in Hexes
 14619 | D:11     | Noticed a boulder beetle
 14629 | D:11     | Noticed a boulder beetle
 15037 | Lair:1   | Entered Level 1 of the Lair of Beasts
 15102 | Lair:1   | Reached XP level 13. HP: 97/101 MP: 20/20
 15688 | Lair:1   | Reached skill level 1 in Transmutations
 16048 | Lair:1   | Bought a scroll of fog for 56 gold pieces
 16048 | Lair:1   | Bought a scroll of fog for 56 gold pieces
 16048 | Lair:1   | Bought a scroll of fog for 56 gold pieces
 16048 | Lair:1   | Bought a scroll of fog for 56 gold pieces
 16200 | Lair:2   | Found a hole to the Spider Nest.
 16344 | Lair:2   | Noticed a five-headed hydra
 16357 | Lair:2   | Killed a five-headed hydra
 16586 | Lair:2   | Noticed a four-headed hydra
 16607 | Lair:2   | Killed a four-headed hydra
 16628 | Lair:2   | Noticed a six-headed hydra
 16644 | Lair:2   | Killed a six-headed hydra
 17296 | Lair:2   | Found a staircase to the Swamp.
 17641 | Lair:3   | Reached skill level 9 in Armour
 17952 | Lair:3   | Noticed Prince Ribbit
 17966 | Lair:3   | Killed Prince Ribbit
 18099 | Lair:3   | Reached skill level 5 in Ranged Weapons
 18126 | Lair:3   | Noticed Amaemon
 18151 | Lair:3   | Killed Amaemon
 18152 | Lair:3   | Reached XP level 14. HP: 47/109 MP: 19/22
 19896 | Lair:4   | Found a viscous altar of Jiyva.
 19897 | Lair:4   | Found a staircase to the Slime Pits.
 20036 | Lair:4   | Reached skill level 5 in Long Blades
 21074 | Lair:4   | Reached skill level 5 in Evocations
 21544 | Lair:5   | Entered Level 5 of the Lair of Beasts
 21802 | Lair:4   | Reached skill level 10 in Fighting
 22181 | Lair:5   | Reached XP level 15. HP: 70/115 MP: 25/25
 22566 | Lair:5   | Reached skill level 10 in Armour
 23658 | Lair:5   | Found a burning altar of Makhleb.
 23694 | Lair:5   | HP: 4/115 [ice devil (7)]
 24299 | Lair:5   | Found a gateway to Hell.
 24713 | Lair:4   | Bought a ring of resist corrosion for 300 gold pieces
 25203 | D:11     | Identified the +0 robe of Ashenzari's Esteem {Regen+ Dex+4
                  | Archmagi}
 26091 | D:12     | Found Lallef's Jewellery Emporium.
 26099 | D:12     | Bought a ring of see invisible for 240 gold pieces
 26316 | D:12     | Found a staircase to the Orcish Mines.
 27165 | Orc:1    | Entered Level 1 of the Orcish Mines
 27179 | Orc:1    | Reached skill level 5 in Conjurations
 27354 | Orc:2    | Entered Level 2 of the Orcish Mines
 27354 | Orc:2    | Found Yngaobles's Antique Armour Boutique.
 27411 | Orc:2    | Reached skill level 10 in Translocations
 27843 | Orc:2    | Noticed an orc warlord
 27927 | Orc:2    | Killed an orc warlord
 28476 | Orc:2    | Found Dofis's Antique Armour Shoppe.
 28489 | Orc:2    | Found Nedoibeh's Antique Weapon Emporium.
 28740 | Orc:2    | Found Jukithif's General Store.
 28752 | Orc:2    | Reached XP level 16. HP: 92/123 MP: 19/28
 28927 | Orc:2    | Bought the +1 cloak of Starlight {*Dazzle EV+4 Stlth--} for
                  | 1189 gold pieces
 28927 | Orc:2    | Found the +1 cloak of Starlight {*Dazzle EV+4 Stlth--}
 29061 | Orc:2    | Found a staircase to the Elven Halls.
 29141 | Orc:2    | Noticed Maurice
 29168 | Orc:2    | Killed Maurice
 29183 | Orc:2    | Reached skill level 1 in Summonings
 29194 | Orc:2    | Found Kyuqat's Weapon Emporium.
 29199 | Orc:2    | Bought a +0 long sword of holy wrath for 107 gold pieces
 29320 | Orc:2    | Bought a scroll of identify for 28 gold pieces
 29320 | Orc:2    | Bought a potion of curing for 42 gold pieces
 29322 | Orc:2    | Acquired 921 gold pieces
 29325 | Orc:2    | Bought 5 silver javelins for 168 gold pieces
 29383 | Orc:2    | Bought a shiny buckler for 292 gold pieces
 29495 | D:13     | Reached skill level 11 in Armour
 30334 | D:13     | Noticed Frances
 30980 | D:13     | Killed Frances
 31892 | Orc:1    | Noticed Sonja
 31899 | Orc:1    | Reached skill level 1 in Throwing
 32206 | Orc:1    | Killed Sonja
 33495 | D:14     | Reached skill level 1 in Stealth
 33637 | D:14     | Found a gate to the Vaults.
 34061 | D:15     | Entered Level 15 of the Dungeon
 34257 | D:15     | Hit by a large rock thrown by a stone giant

Illustrated notes

Levels and vault maps discovered:
D:1:      giann_forest_graveyard, layout_loops_ring, chequers_mini_garden,
          kennysheep_pointless_box, kennysheep_nondescript
D:2:      layout_loops_ring, serial_shops, shop, shop, shop, basic_altar,
          hangedman_decor_lopped
D:3:      layout_basic, minitemple, shapermc_ecumenical_altar_hornbeckon
D:4:      kennysheep_spiral_hall, layout_loops_ring,
          lemuel_zombie_altar_yredelemnul
D:5:      layout_gridville, grunt_ministairs_8, uniq_sigmund
D:6:      layout_basic, mainiacjoe_overflow_alcove_2
D:7:      gammafunk_corrupted_shrine, layout_basic, temple_green
D:8:      layout_basic, mainiacjoe_overflow_cross_hatched, minmay_radiant,
          uniq_grum
D:9:      layout_gridville, lightli_church_of_beogh
D:10:     layout_roguey, mainiacjoe_overflow_concentric_impassable,
          dpeg_oklobed_lair, hellmonk_guarded_unrand_night, uniq_urug,
          uniq_nergalle
D:11:     minmay_shrinking_squares, layout_irregular_city, ebering_ghost_gozag,
          nicolae_diode_intersection
D:12:     layout_layer_cave, orc_0_dummy, serial_shops, nicolae_square_shop
D:13:     layout_stronghold, uniq_frances
D:14:     layout_loops_cross, david_vaults_5,
          amcnicky_mini_rare_corridor_liquid, drop_trap, kennysheep_potato
D:15:     hangedman_depths_entry_civil_slaughter, layout_loops_corners,
          minivault_25, minmay_alternating_orb
Temple:   pf_slimified_temple
Lair:1:   layout_cellular_growth
Lair:2:   layout_gridlike, palyth_hydra_swamp_entry, spider_nest_entry_a
Lair:3:   layout_loops_ring, grunt_megastairs_3, serial_bayou_shore_a,
          uniq_prince_ribbit2, uniq_amaemon
Lair:4:   layout_regular_city, slime_entry_1, chequers_serial_rivers_room_b,
          serial_bayou_pond_c, chequers_serial_rivers_room_b,
          serial_bayou_shore_b, infiniplex_staircase_pool_2
Lair:5:   evil_forest, layout_cave_pods, dreamdust_mushroom_princess,
          chequers_serial_rivers_micro_a
Orc:1:    layout_caves, basic_altar, uniq_sonja
Orc:2:    grunt_orc_community_town_hall, layout_caves,
          grunt_orc_community_big_house_1, grunt_orc_community_big_house_2,
          grunt_orc_community_house_1, grunt_orc_community_house_3,
          grunt_orc_community_house_2, grunt_orc_community_house_3,
          grunt_orc_community_house_3, serial_shops, nicolae_diamond_shop,
          nicolae_orc_flooded_monolith, uniq_maurice

Skill      XL: |  1  2  3  4  5  6  7  8  9 10 11 12 13 14 15 16 |
---------------+-------------------------------------------------+-----
Short Blades   | 1 2 3 8 9 10 | 10.7
Armour         | 1 5 6 7 8 9 10 11 | 11.4
Fighting       | 2 5 6 7 8 9 10 | 10.6
Dodging        | 1 5 6 7 8 |  8.9
Shields        | 5 6 7 8 |  8.9
Translocations | 1 2 4 5 6 7 8 9 10 | 10.6
Spellcasting   | 3 4 5 6 8 |  8.6
Ranged Weapons | 3 5 6 |  6.3
Conjurations   | 1 3 4 5 |  5.7
Long Blades    | 2 4 5 7 8 |  8.0
Hexes          | 1 2 3 |  3.1
Transmutations | 2 3 4 |  4.0
Evocations     | 4 5 |  5.3
Poison Magic   | 4 |  4.0
Summonings     | 2 |  2.0
Throwing       | 1 |  1.7
Stealth        | 1 |  1.2

Action                   |  1- 3 |  4- 6 |  7- 9 | 10-12 | 13-15 | 16-18 || total
-------------------------+-------+-------+-------+-------+-------+-------++-------
Melee: Rapier            |    89 |    83 |   151 |   360 |    74 |    18 ||   775
       Double sword      |       |       |       |   132 |  1165 |   269 ||  1566
       Scimitar          |       |       |       |       |    33 |    37 ||    70
       Long sword        |       |       |       |       |       |    68 ||    68
 Fire: Sling             |       |       |       |     3 |    25 |       ||    28
Throw: Dart              |       |     1 |       |     9 |       |       ||    10
 Cast: Sting             |    15 |    21 |     2 |     1 |     1 |       ||    40
       Blink             |       |       |     2 |    11 |    14 |    10 ||    37
       Lesser Beckoning  |       |       |       |       |    30 |    14 ||    44
       Manifold Assault  |       |       |       |       |    16 |    29 ||    45
       Iskenderun's Myst |       |       |       |       |     1 |       ||     1
Invok: Call Merchant     |       |       |       |       |     2 |       ||     2
       Potion Petition   |       |       |       |       |     2 |     1 ||     3
Evoke: Wand              |     1 |     1 |       |     8 |    16 |     1 ||    27
       Phial of floods   |       |       |       |     1 |     1 |     1 ||     3
  Use: Scroll            |       |     9 |     9 |     9 |    11 |     6 ||    44
       Potion            |       |     1 |       |     7 |    11 |     6 ||    25
 Stab: Sleeping          |     5 |     3 |     4 |       |       |       ||    12
       Distracted        |       |     2 |     4 |    18 |    11 |       ||    35
       Invisible         |       |       |       |       |     6 |    15 ||    21
Armor: Robe              |     7 |     7 |     2 |       |       |       ||    16
       Leather armour    |    20 |    12 |       |       |       |       ||    32
       Ring mail         |       |       |    10 |    66 |       |       ||    76
       Scale mail        |       |       |       |    58 |   594 |   129 ||   781
Dodge: Dodged            |    41 |    27 |    43 |   206 |   794 |   301 ||  1412
Block: Buckler           |    12 |    12 |    23 |   122 |   422 |   220 ||   811
       Kite shield       |       |       |       |       |   116 |    16 ||   132

Table legend: (Time is in decaauts)
 A = Elapsed time spent in this place.
 B = Non-inter-level travel time spent in this place.
 C = Inter-level travel time spent in this place.
 D = Time resting spent in this place.
 E = Time spent auto-exploring this place.
 F = Levels seen in this place.
 G = Mean time per level.
                   A        B        C        D        E       F      G
               +--------+--------+--------+--------+--------+-----+--------+
         Total |  34172 |  31848 |   2324 |   8803 |  14919 |  23 | 1485.7 |
       Dungeon |  21044 |  19521 |   1523 |   4813 |   9850 |  15 | 1402.9 |
        Temple |    150 |    132 |     18 |      0 |    122 |   1 |  150.0 |
          Lair |   9803 |   9334 |    469 |   2904 |   3941 |   5 | 1960.6 |
  Orcish Mines |   3173 |   2860 |    313 |   1085 |   1006 |   2 | 1586.5 |
               +--------+--------+--------+--------+--------+-----+--------+

Top non-repeatable levels by time:
  Lair:3: 2606 daAuts
   Orc:2: 2442 daAuts
  Lair:5: 2385 daAuts
    D:10: 2240 daAuts
    D:13: 2194 daAuts
  Lair:4: 2148 daAuts
     D:2: 1769 daAuts
     D:9: 1740 daAuts
    D:12: 1709 daAuts
     D:7: 1677 daAuts
    D:11: 1640 daAuts
  Lair:2: 1532 daAuts
     D:8: 1440 daAuts
     D:1: 1231 daAuts
    D:14: 1217 daAuts
